Map: Prion Terraces

Players

LilDicky - Winner!

  • Race: Terran Terran
  • League: Diamond

AsAlways

  • Race: Zerg Zerg
  • League: Diamond

VOD

http://www.twitch.tv/tumescentpie

Description

Time

  • Played on: Dec. 6, 2015, 9:15 p.m.
  • Length: 10:11
Show
View Real Time Build Order
Export as new Build Order

LilDicky Terran - Winner!

Build Orders:  

Get SALT Encoding   

  12  0:03  SCV  
  13  0:15  SCV  
  13  0:18  Supply Depot  
  14  0:25  Refinery  
  14  0:31  SCV  
  15  0:44  Barracks  
  15  0:47  SCV  
  16  0:59  SCV  
  16  1:02  Refinery  
  17  1:11  SCV  
  18  1:23  SCV  
  19  1:34  Supply Depot, Marine  
  19  1:37  Orbital Command  
  20  1:54  Marine  
  21  1:58  Factory  
  21  2:01  Supply Depot  
  21  2:04  SCV  
  22  2:16  SCV  
  22  2:17  Marine  
  24  2:28  SCV  
  25  2:35  Marine  
  26  2:40  SCV  
  26  2:44  Starport  
  27  2:46  Armory  
  27  2:47  Factory Tech Lab  
  27  2:52  SCV, Marine  
  29  3:04  SCV  
  30  3:11  Supply Depot  
  30  3:16  SCV  
  31  3:23  Barracks Reactor  
  31  3:32  Thor  
  31  3:33  Medivac  
  39  3:34  SCV  
  39  3:40  Supply Depot  
  40  3:46  SCV  
  40  3:47  Supply Depot  
  36  3:58  SCV  
  26  4:28  Supply Depot  
  18  4:46  Marine  
  19  4:53  Supply Depot  
  19  4:56  SCV  
  20  5:03  Liberator  
  20  5:04  Marine  
  24  5:21  SCV  
  24  5:22  Marine  
  26  5:52  SCV  
  27  5:58  Hellion, Marine  
  30  6:16  Marine  
  31  6:24  Hellion  
  33  6:43  Marine  
  28  6:55  Factory Tech Lab  
  28  6:57  SCV  
  28  6:58  Command Center  
  29  7:01  Marine  
  30  7:09  SCV  
  31  7:19  Marine  
  32  7:32  SCV  
  33  7:42  Thor  
  39  7:44  SCV  
  40  7:56  SCV  
  41  8:08  SCV, Marine  
  41  8:10  Medivac  
  41  8:11  Orbital Command  
  45  8:14  Command Center  
  45  8:20  SCV  
  46  8:32  SCV, Marine  
  48  8:40  Siege Tank  
  51  8:49  Marine  
  45  9:06  Orbital Command  
  45  9:07  Marine  
  46  9:28  SCV  
  46  9:30  Orbital Command, Marine  
  45  9:40  SCV  
  42  9:47  Marine  
Show
View Real Time Build Order
Export as new Build Order

AsAlways Zerg 

Build Orders: Pool First, Zergling Baneling 

Get SALT Encoding   

  12  0:00  Drone  
  13  0:08  Drone  
  14  0:15  Extractor  
  14  0:18  Drone  
  14  0:26  Overlord  
  14  0:44  Spawning Pool  
  14  0:46  Drone  
  14  0:53  Drone  
  14  0:55  Drone  
  16  1:00  Drone  
  17  1:31  Metabolic Boost, Queen  
  20  1:32  Zergling x2  
  20  1:33  Zergling x4  
  22  2:01  Overlord  
  22  2:08  Hatchery  
  22  2:12  Baneling Nest  
  20  2:17  Zergling x4  
  20  2:21  Zergling x2  
  23  2:41  Zergling x4  
  25  2:49  Zergling x4  
  25  2:50  Zergling x2  
  28  2:55  Baneling x2  
  28  2:56  Baneling x2  
  28  3:01  Baneling  
  28  3:03  Zergling x2  
  29  3:09  Zergling x2  
  30  3:13  Overlord  
  30  3:14  Overlord  
  30  3:18  Baneling  
  30  3:30  Zergling x4  
  32  3:51  Zergling x2  
  32  3:52  Zergling x8  
  33  4:07  Zergling x2  
  29  4:20  Baneling x4  
  29  4:21  Baneling  
  29  4:22  Zergling x2  
  26  4:32  Zergling x2  
  20  4:49  Queen  
  20  4:51  Drone x4  
  25  5:06  Queen  
  25  5:07  Roach Warren  
  24  5:11  Zergling x4  
  28  5:22  Zergling x6  
  24  5:46  Roach  
  24  5:47  Roach x5  
  34  6:02  Drone  
  34  6:03  Drone x3  
  36  6:16  Drone  
  36  6:17  Drone  
  31  6:34  Ravager  
  28  6:41  Spore Crawler  
  24  6:53  Zergling x2  
  24  6:54  Zergling x10  
  28  7:01  Drone  
  29  7:23  Spore Crawler, Drone  
  29  7:24  Drone  
  28  7:37  Ravager  
  28  7:40  Ravager  
  28  7:43  Zergling x2  
  30  7:44  Zergling x6  
  30  7:48  Drone  
  33  8:02  Queen  
  33  8:05  Drone x4  
  38  8:06  Drone x2  
  29  8:34  Roach x4  
  30  8:51  Queen  
  32  9:09  Ravager  
  33  9:22  Zergling x2  
  33  9:23  Zergling x10  
Tags
 
Add a new tag
Caveats
  • Supply blocks, unpowered buildings, or Contaminate may cause inaccurate times.
  • Supply counts are checked every 10 seconds.